 Dungeon Crawl Stone Soup version 0.27-a0-1434-g6f15984924 (webtiles) character file.

Game seed: 17446315939095773104

30 funkygono the Bolt Thrower (level 3, 0/22 HPs)
             Began as a Gargoyle Hunter on July 3, 2021.
             Slain by a quokka (1 damage)
             ... on level 1 of the Dungeon.
             The game lasted 00:02:04 (939 turns).

funkygono the Bolt Thrower (Gargoyle Hunter)         Turns: 939, Time: 00:02:05

Health: 0/22       AC:  7    Str: 16    XL:     3   Next: 18%
Magic:  3/3        EV: 11    Int: 11    God:
Gold:   33         SH:  0    Dex: 10    Spells: 2/2 levels left

rFire    . . .     SeeInvis .   a - +0 flail
rCold    . . .     Faith    .   (no shield)
rNeg     + . .     Spirit   .   c - +0 leather armour
rPois    ∞         Reflect  .   (no helmet)
rElec    +         Harm     .   (no cloak)
rCorr    .         Rampage  .   (no gloves)
Will     .....                  g - +0 pair of boots
Stlth    +.........             (no amulet)
HPRegen  0.07/turn              (no ring)
MPRegen  0.08/turn              (no ring)

@: no status effects
A: sickness immunity, AC +3, negative energy resistance 1, electricity
resistance, torment resistance 1, petrification resistance
a: no special abilities


You were on level 1 of the Dungeon.
You visited 1 branch of the dungeon, and saw 1 of its levels.

You collected 33 gold pieces.

Inventory:

Hand Weapons
 a - a +0 flail (weapon)
 b - a +1 hand crossbow
 f - a +0 short sword
 h - a +0 long sword
Missiles
 d - 15 bolts
Armour
 c - a +0 leather armour (worn)
 g - a +0 pair of boots (worn)
Scrolls
 e - a scroll of acquirement {unknown}


   Skills:
 + Level 2.3 Fighting
 + Level 0.3 Maces & Flails
 + Level 4.7 Crossbows
 + Level 0.6 Armour
 + Level 1.7 Dodging
 - Level 1.1 Stealth


You had 2 spell levels left.
You didn't know any spells.
Your spell library contained the following spells:

 Spells                   Type           Power      Damage    Failure   Level
 Animate Skeleton         Necr           0%         N/A       41%         1
 Apportation              Tloc           0%         N/A       41%         1
 Corona                   Hex            0%         N/A       41%         1
 Summon Small Mammal      Summ           0%         N/A       41%         1


Dungeon Overview and Level Annotations

Branches:
Dungeon (1/15)

Altars:


Innate Abilities, Weirdness & Mutations

You are immune to sickness and miasma.
Your stone body is resilient. (AC +3)
You are immune to poison.
You resist negative energy. (rN+)
You are resistant to electric shocks. (rElec)
You are resistant to unholy torment.
You are immune to petrification.


Message History

The quokka bites you. The quokka barely misses you.
You see here a rat corpse.
The quokka bites you. The quokka barely misses you.
Found a stone staircase leading down.
You barely miss the quokka.
The quokka bites you but does no damage. x2
You hit the quokka but do no damage.
The quokka bites you but does no damage.
The quokka barely misses you.
You closely miss the quokka. The quokka bites you.
You barely miss the quokka. The quokka bites you. The quokka barely misses you.
You barely miss the quokka.
The quokka bites you but does no damage.
The quokka misses you.
You hit the quokka.
The quokka is moderately wounded.
The quokka bites you.
You closely miss the quokka.
The quokka is moderately wounded.
The quokka misses you. The quokka bites you.
You closely miss the quokka.
The quokka is moderately wounded.
The quokka bites you.
* * * LOW HITPOINT WARNING * * *
The quokka bites you.
* * * LOW HITPOINT WARNING * * *
Okay, then.
Unknown command.
You aren't carrying any potions.
Unknown command.
The endoplasm jiggles.
The quokka bites you.
* * * LOW HITPOINT WARNING * * *
You see here a ball python corpse.
You closely miss the quokka.
The quokka is moderately wounded.
The quokka bites you but does no damage.
The quokka bites you.
You die...

#.. #.# #...#.#
#...#.###### #.......
#.>......J.## #.....:.
#.#.#.####..# #.......
#J##....###.......
#J##..J..##.......
#r##†....##.......
##########@##......#.(.....
#...........#....#(..J..(..
#.########..#....#..#......
#)# ....#..#....+..+......
#.####.#.#..#....##.#......
#.##.....#.............#+##
#.##........#...........
#.##...............#.(###
#..................##.##


You could see 2 endoplasms and a quokka.

Vanquished Creatures
  A gnoll (D:1)
  A dart slug (D:1)
  An endoplasm (D:1)
  A giant cockroach (D:1)
  A goblin (D:1)
  2 hobgoblins (D:1)
  2 kobolds (D:1)
  3 ball pythons (D:1)
  2 bats (D:1)
  2 frilled lizards (D:1)
  4 rats (D:1)
20 creatures vanquished.

Notes
Turn   | Place    | Note
-------+----------+-------------------------------------------
     0 | D:1      | funkygono the Gargoyle Hunter began the quest for the Orb.
     0 | D:1      | Reached XP level 1. HP: 12/12 MP: 1/1
   317 | D:1      | Reached XP level 2. HP: 17/17 MP: 2/2
   601 | D:1      | Reached XP level 3. HP: 5/21 MP: 3/3
   936 | D:1      | HP: 1/22 [quokka (2)]
   939 | D:1      | Slain by a quokka

Illustrated notes

Levels and vault maps discovered:
D:1:      shiori_arrival_elements, layout_basic

Action                   || total
-------------------------++-------
Melee: Short sword       ||    11
       Club              ||    14
       Flail             ||    14
 Fire: Hand crossbow     ||    25
Armor: Leather armour    ||    17
Dodge: Dodged            ||    24

Table legend: (Time is in decaauts)
 A = Elapsed time spent in this place.
 B = Non-inter-level travel time spent in this place.
 C = Inter-level travel time spent in this place.
 D = Time resting spent in this place.
 E = Time spent auto-exploring this place.
 F = Levels seen in this place.
 G = Mean time per level.
                   A        B        C        D        E       F      G
               +--------+--------+--------+--------+--------+-----+--------+
         Total |    951 |    951 |      0 |      0 |    776 |   1 |  951.0 |
       Dungeon |    951 |    951 |      0 |      0 |    776 |   1 |  951.0 |
               +--------+--------+--------+--------+--------+-----+--------+

Top non-repeatable levels by time:
     D:1: 951 daAuts
